 Dungeon Crawl Stone Soup version 0.23-a0-650-ga4d50d4 (webtiles) character file.

26 Borgoz the Sneak (level 2, 0/23 HPs)
             Began as a Demonspawn Assassin on Jan 3, 2019.
             Slain by an orc
             ... wielding a +0 dagger
              (1 damage)
             ... on level 3 of the Dungeon.
             The game lasted 00:01:20 (953 turns).

Borgoz the Sneak (Demonspawn Assassin)               Turns: 953, Time: 00:01:22

Health: 0/23       AC:  3    Str: 11    XL:     2   Next: 89%
Magic:  2/2        EV: 12    Int: 12    God:
Gold:   31         SH:  0    Dex: 14    Spells: 1/1 levels left

rFire    . . .     SeeInvis .   a - +2 dagger
rCold    . . .     Gourm    .   (no shield)
rNeg     . . .     Faith    .   c - +0 robe
rPois    .         Spirit   .   (no helmet)
rElec    .         Reflect  .   d - +0 cloak
rCorr    .         Harm     .   (no gloves)
MR       .....                  (no boots)
Stlth    ++........             (no amulet)
HPRegen  0.07/turn              (no ring)
MPRegen  0.08/turn              (no ring)

@: no status effects
A: hooves 1
a: no special abilities


You were on level 3 of the Dungeon.
You were not hungry.

You visited 1 branch of the dungeon, and saw 3 of its levels.

You collected 31 gold pieces.

Inventory:

Hand Weapons
 a - a +2 dagger (weapon)
 b - a +0 blowgun
Missiles
 e - 8 poisoned needles
 f - 2 curare-tipped needles
Armour
 c - a +0 robe (worn)
 d - a +0 cloak (worn)
Jewellery
 h - a cursed ring of teleportation {unknown}
Scrolls
 k - 2 scrolls of identify {unknown}
 l - a scroll of fog {unknown}
 m - a scroll of enchant weapon {unknown}
 n - a scroll of blinking {unknown}
Potions
 i - 2 potions of ambrosia {unknown}
Comestibles
 g - 2 rations


   Skills:
 + Level 2.4 Fighting
 + Level 2.2 Short Blades
 - Level 1.7 Throwing
 + Level 1.4 Dodging
 + Level 3.9 Stealth


You had one spell level left.
You didn't know any spells.
Your spell library was empty.

Dungeon Overview and Level Annotations

Branches:
Dungeon (3/15)

Altars:


Innate Abilities, Weirdness & Mutations

You have large cloven feet.


Message History

Found 24 gold pieces.
There is a stone staircase leading up here.
Deactivating autopickup; reactivate with Ctrl-A.
You closely miss something. You kick something. Something hits you.
The orc hits you with a +0 whip.
* * * LOW HITPOINT WARNING * * *
The orc misses you.
You barely miss something. Your kick misses something.
The rat bites you but does no damage. Something hits you.
* * * LOW HITPOINT WARNING * * *
The orc hits you with a +0 whip.
* * * LOW HITPOINT WARNING * * *
The orc misses you.
You miss something. The rat barely misses you.
Something hits you but does no damage. The orc closely misses you.
You hit something. You kick something. The orc closely misses you.
The rat barely misses you. Something barely misses you.
You barely miss something. You kick something. The orc closely misses you.
The orc misses you. The rat bites you but does no damage. Something hits you.
You die...

#######
....... .....#
########o$l..+
......{@r....#
########o....#
.$...# ######


You could see an iguana (sleeping), 2 orcs and a rat.

Vanquished Creatures
  An adder (D:2)
  An ooze (D:1)
  2 bats (D:1)
  2 hobgoblins (D:1)
  2 jackals (D:1)
  A quokka (D:2)
  A frilled lizard (D:2)
  A goblin (D:1)
  A kobold (D:1)
  A rat (D:1)
13 creatures vanquished.

Notes
Turn   | Place    | Note
-------+----------+-------------------------------------------
     0 | D:1      | Borgoz the Demonspawn Assassin began the quest for the Orb.
     0 | D:1      | Reached XP level 1. HP: 16/16 MP: 1/1
    46 | D:1      | Reached skill level 1 in Dodging
    88 | D:1      | Gained mutation: You have large cloven feet. [demonic
                  | ancestry]
    88 | D:1      | Reached XP level 2. HP: 10/22 MP: 2/2
   950 | D:3      | HP: 1/23 [orc/+0 whip (2)]
   953 | D:3      | Slain by an orc

Vault maps used:
D:1:      beargit_arrival_greenhouse, minmay_door_square
D:2:      lemuel_doored_altar, chequers_serial_rivers_small_a,
          minmay_heptomino_h4
D:3:      cheibrodos_sewer_entry_bend, uniq_sigmund

Skill      XL: |  1 |
---------------+----+-----
Dodging        | 1 |  1.4
Short Blades   | 2 |  2.2
Fighting       | |  2.4
Throwing       | |  1.7
Stealth        | |  3.9

Action                   || total
-------------------------++-------
Melee: Dagger            ||    43
       Kick              ||     6
 Stab: Sleeping          ||     1
Armor: Robe              ||    14
Dodge: Dodged            ||    43

Table legend:
 A = Non-vault XP
 B = Vault XP
 C = Vault XP percentage of total XP
 D = Non-vault monster count
 E = Vault monster count
 F = Vault count percentage of total count
                 A         B        C        D         E       F
            +---------+---------+-------+---------+---------+-------
      Total |      38 |       0 |   0.0 |      13 |       0 |   0.0
            +---------+---------+-------+---------+---------+-------
        D:1 |      22 |       0 |   0.0 |      10 |       0 |   0.0
        D:2 |      16 |       0 |   0.0 |       3 |       0 |   0.0
            +---------+---------+-------+---------+---------+-------
